| TOP OF THE 1ST |
|
Chicago White Sox batting - Pitching for California Angels : RHP Clay Kirby
|
|
Pitching: RHP Clay Kirby
|
|
|
Batting: SHB Ozzie Smith
|
0-0: Ball 1-0: Ball 2-0: Ball 3-0: Base on Balls
|
|
Batting: LHB Mitchell Page
|
0-0: Ball Ozzie Smith steals 2nd base 1-0: Ball Ozzie Smith steals 3rd base 2-0: Called Strike 2-1: Foul Ball, location: 2F 2-2: SINGLE (Line Drive, 3D, EV 98.1 MPH) Ozzie Smith scores
|
|
Batting: RHB Kevin McReynolds
|
0-0: Ball 1-0: Called Strike 1-1: Ball 2-1: Ball 3-1: Foul Ball, location: 2F 3-2: SINGLE (Line Drive, 8LS, EV 93.8 MPH) Mitchell Page to second Runner from 2nd tries for 3rd, SAFE, throw by CF made to third
|
|
Batting: RHB Tim Teufel
|
0-0: Called Strike 0-1: Ball 1-1: Called Strike 1-2: Fly out, F8 (Line Drive, 8LD, EV 94.4 MPH) Runner from 3rd tags up, SCORES, no throw by CF
|
|
Batting: RHB Steve Henderson
|
0-0: Called Strike 0-1: Swinging Strike 0-2: Foul Ball, location: 2F 0-2: Ball 1-2: Ball 2-2: Fly out, F5 (Popup, 56, EV 58.1 MPH)
|
|
Batting: SHB Dwayne Taggart
|
0-0: Swinging Strike 0-1: Swinging Strike 0-2: Ball 1-2: Strikes out swinging
|
| Top of the 1st over - 2 runs, 2 hits, 0 errors, 1 left on base; Chicago 2 - California 0 |
| BOTTOM OF THE 1ST |
|
California Angels batting - Pitching for Chicago White Sox : LHP Douglas Nelson
|
|
Pitching: LHP Douglas Nelson
|
|
|
Batting: RHB Frank White
|
0-0: Foul Ball, location: 2F 0-1: DOUBLE (Line Drive, 5D, EV 100.0 MPH)
|
|
Batting: LHB Ralph Garr
|
0-0: SINGLE (Groundball, 4MD, EV 103.1 MPH) (infield hit) Frank White to third
|
|
Batting: LHB Brian Rosinski
|
0-0: Called Strike 0-1: Ball 1-1: Ball 2-1: Foul Ball, location: 2F 2-2: Ball 3-2: Strikes out swinging
|
|
Batting: LHB Jason D Thompson
|
0-0: Reached on error, E6 (Groundball, 6S, EV 69.4 MPH) Frank White scores Ralph Garr to second
|
|
Batting: RHB Carlos Pimentel
|
0-0: Ground out 4-3 (Groundball, 4S, EV 66.9 MPH) Ralph Garr to third Jason D Thompson to second
|
|
Batting: LHB John Milner
|
0-0: Ball 1-0: Fly out, F3 (Flyball, 34D, EV 75.6 MPH)
|
| Bottom of the 1st over - 1 run, 2 hits, 1 error, 2 left on base; Chicago 2 - California 1 |
| TOP OF THE 2ND |
|
Chicago White Sox batting - Pitching for California Angels : RHP Clay Kirby
|
|
Batting: LHB Ryan MacFarland
|
0-0: Called Strike 0-1: Ground out 4-3 (Groundball, 4MD, EV 104.4 MPH)
|
|
Batting: SHB Wayne Tolleson
|
0-0: Foul Ball, location: 2F 0-1: Called Strike 0-2: Ball 1-2: Ball 2-2: Ground out 6-3 (Groundball, 6S, EV 70.6 MPH)
|
|
Batting: RHB Brian Harper
|
0-0: Swinging Strike 0-1: SINGLE (Line Drive, 56D, EV 95.0 MPH)
|
|
Batting: SHB Ozzie Smith
|
0-0: Called Strike 0-1: Ball 1-1: Ball 2-1: Called Strike 2-2: Foul Ball, location: 2F 2-2: Foul Ball, location: 2F 2-2: Foul Ball, location: 2F 2-2: Ball 3-2: Fly out, F8 (Flyball, 8RM, EV 86.9 MPH)
|
| Top of the 2nd over - 0 runs, 1 hit, 0 errors, 1 left on base; Chicago 2 - California 1 |
| BOTTOM OF THE 2ND |
|
California Angels batting - Pitching for Chicago White Sox : LHP Douglas Nelson
|
|
Batting: SHB Manny Castillo
|
0-0: Swinging Strike 0-1: Swinging Strike 0-2: Foul Ball, location: 2F 0-2: Ball 1-2: Fly out, F8 (Flyball, 8LD, EV 105.0 MPH)
|
|
Batting: RHB Jeff Atherton
|
0-0: Ball 1-0: Foul Ball, location: 2F 1-1: Ball 2-1: Ball 3-1: Foul Ball, location: 2F 3-2: Ground out 4-3 (Groundball, 4M, EV 105.0 MPH)
|
|
Batting: RHB Mike Bishop
|
0-0: Called Strike 0-1: Ball 1-1: Ball 2-1: Ground out 6-3 (Groundball, 6, EV 81.3 MPH)
|
| Bottom of the 2nd over - 0 runs, 0 hits, 0 errors, 0 left on base; Chicago 2 - California 1 |
| TOP OF THE 3RD |
|
Chicago White Sox batting - Pitching for California Angels : RHP Clay Kirby
|
|
Batting: LHB Mitchell Page
|
0-0: Ground out 4-3 (Groundball, 4D, EV 85.0 MPH)
|
|
Batting: RHB Kevin McReynolds
|
0-0: Called Strike 0-1: Called Strike 0-2: Foul Ball, location: 2F 0-2: Ball 1-2: Ball 2-2: Ball 3-2: Fly out, F8 (Flyball, 8RS, EV 84.4 MPH)
|
|
Batting: RHB Tim Teufel
|
0-0: Foul Ball, location: 2F 0-1: Ball 1-1: Ball 2-1: Ball 3-1: Fly out, F9 (Flyball, 9, EV 82.5 MPH)
|
| Top of the 3rd over - 0 runs, 0 hits, 0 errors, 0 left on base; Chicago 2 - California 1 |
| BOTTOM OF THE 3RD |
|
California Angels batting - Pitching for Chicago White Sox : LHP Douglas Nelson
|
|
Batting: RHB Frank White
|
0-0: Fly out, F8 (Flyball, 89D, EV 87.5 MPH)
|
|
Batting: LHB Ralph Garr
|
0-0: Fly out, F7 (Flyball, 7D, EV 106.3 MPH)
|
|
Batting: LHB Brian Rosinski
|
0-0: Ball 1-0: Ball 2-0: Ball 3-0: Base on Balls
|
|
Batting: LHB Jason D Thompson
|
0-0: Ball 1-0: Foul Ball, location: 2F 1-1: Swinging Strike 1-2: Ball 2-2: Ball 3-2: Fly out, F6 (Line Drive, 6, EV 68.8 MPH)
|
| Bottom of the 3rd over - 0 runs, 0 hits, 0 errors, 1 left on base; Chicago 2 - California 1 |
| TOP OF THE 4TH |
|
Chicago White Sox batting - Pitching for California Angels : RHP Clay Kirby
|
|
Batting: RHB Steve Henderson
|
0-0: Ball 1-0: Foul Ball, location: 2F 1-1: Fly out, F8 (Line Drive, 8LD, EV 90.0 MPH)
|
|
Batting: SHB Dwayne Taggart
|
0-0: Ball 1-0: Ground out 4-3 (Groundball, 34D, EV 85.0 MPH)
|
|
Batting: LHB Ryan MacFarland
|
0-0: Called Strike 0-1: Ball 1-1: Fly out, F8 (Flyball, 78S, EV 85.0 MPH)
|
| Top of the 4th over - 0 runs, 0 hits, 0 errors, 0 left on base; Chicago 2 - California 1 |
| BOTTOM OF THE 4TH |
|
California Angels batting - Pitching for Chicago White Sox : LHP Douglas Nelson
|
|
Batting: RHB Carlos Pimentel
|
0-0: Called Strike 0-1: Ball 1-1: Ball 2-1: Ball 3-1: Foul Ball, location: 2F 3-2: Strikes out swinging
|
|
Batting: LHB John Milner
|
0-0: Ball 1-0: Ball 2-0: Called Strike 2-1: Ground out U3 (Groundball, 3, EV 85.0 MPH)
|
|
Batting: SHB Manny Castillo
|
0-0: Ball 1-0: Ground out 5-3 (Groundball, 56, EV 107.5 MPH)
|
| Bottom of the 4th over - 0 runs, 0 hits, 0 errors, 0 left on base; Chicago 2 - California 1 |
| TOP OF THE 5TH |
|
Chicago White Sox batting - Pitching for California Angels : RHP Clay Kirby
|
|
Batting: SHB Wayne Tolleson
|
0-0: Called Strike 0-1: Ball 1-1: Foul Ball, location: 2F 1-2: Foul Ball, location: 2F 1-2: Foul Ball, location: 2F 1-2: Strikes out looking
|
|
Batting: RHB Brian Harper
|
0-0: Called Strike 0-1: Ball 1-1: Foul Ball, location: 2F 1-2: Ground out 5-3 (Groundball, 56, EV 96.9 MPH)
|
|
Batting: SHB Ozzie Smith
|
0-0: Called Strike 0-1: Ground out 5-3 (Groundball, 56, EV 90.6 MPH)
|
| Top of the 5th over - 0 runs, 0 hits, 0 errors, 0 left on base; Chicago 2 - California 1 |
| BOTTOM OF THE 5TH |
|
California Angels batting - Pitching for Chicago White Sox : LHP Douglas Nelson
|
|
Batting: RHB Jeff Atherton
|
0-0: Called Strike 0-1: Swinging Strike 0-2: Ground out U3 (Groundball, 34S, EV 80.6 MPH)
|
|
Batting: RHB Mike Bishop
|
0-0: Ball 1-0: Fly out, F8 (Flyball, 8LD, EV 90.6 MPH)
|
|
Batting: RHB Frank White
|
0-0: Ball 1-0: Foul Ball, location: 2F 1-1: Fly out, F8 (Flyball, 8LS, EV 84.4 MPH)
|
| Bottom of the 5th over - 0 runs, 0 hits, 0 errors, 0 left on base; Chicago 2 - California 1 |
| TOP OF THE 6TH |
|
Chicago White Sox batting - Pitching for California Angels : RHP Clay Kirby
|
|
Batting: LHB Mitchell Page
|
0-0: Foul Ball, location: 2F 0-1: Ball 1-1: Ball 2-1: Fly out, F8 (Flyball, 8RS, EV 85.0 MPH)
|
|
Batting: RHB Kevin McReynolds
|
0-0: Called Strike 0-1: Ball 1-1: SINGLE (Line Drive, 7LS, EV 108.8 MPH)
|
|
Batting: RHB Tim Teufel
|
0-0: Ball 1-0: Called Strike 1-1: Ball 2-1: Called Strike 2-2: Strikes out swinging
|
|
Batting: RHB Steve Henderson
|
0-0: Swinging Strike 0-1: Swinging Strike 0-2: Ball 1-2: Strikes out swinging
|
| Top of the 6th over - 0 runs, 1 hit, 0 errors, 1 left on base; Chicago 2 - California 1 |
| BOTTOM OF THE 6TH |
|
California Angels batting - Pitching for Chicago White Sox : LHP Douglas Nelson
|
|
Batting: LHB Ralph Garr
|
0-0: Ball 1-0: Ball 2-0: Ball 3-0: SOLO HOME RUN (Flyball, 89XD, EV 99.4 MPH), Distance : 424 ft
|
|
Batting: LHB Brian Rosinski
|
0-0: Ball 1-0: Called Strike 1-1: Hit by Pitch
|
|
Batting: LHB Jason D Thompson
|
0-0: Called Strike 0-1: Ball 1-1: Ball 2-1: SINGLE (Line Drive, 8LS, EV 108.8 MPH) Brian Rosinski to second
|
|
Batting: RHB Carlos Pimentel
|
0-0: Called Strike 0-1: Ball 1-1: Foul Ball, location: 2F 1-2: Ball 2-2: Ball 3-2: Foul Ball, location: 2F 3-2: Fielders Choice at 2nd, 4-6 (Groundball, 4M, EV 81.9 MPH) Brian Rosinski to third
|
|
Batting: LHB John Milner
|
0-0: Called Strike Carlos Pimentel steals 2nd base 0-1: Ball 1-1: Swinging Strike 1-2: Foul Ball, location: 2F 1-2: Strikes out swinging
|
|
Batting: SHB Manny Castillo
|
0-0: Ball 1-0: Ball 2-0: Called Strike 2-1: Swinging Strike 2-2: Ball 3-2: Foul Ball, location: 2F 3-2: Foul Ball, location: 2F 3-2: Strikes out swinging
|
| Bottom of the 6th over - 1 run, 2 hits, 0 errors, 2 left on base; Chicago 2 - California 2 |
| TOP OF THE 7TH |
|
Chicago White Sox batting - Pitching for California Angels : RHP Clay Kirby
|
|
Batting: SHB Dwayne Taggart
|
0-0: Swinging Strike 0-1: Ball 1-1: Foul Ball, location: 2F 1-2: Strikes out swinging
|
|
Batting: LHB Ryan MacFarland
|
0-0: Foul Ball, location: 2F 0-1: Foul Ball, location: 2F 0-2: Strikes out swinging
|
|
Batting: SHB Wayne Tolleson
|
0-0: Ball 1-0: Ball 2-0: Foul Ball, location: 2F 2-1: Ball 3-1: Ground out 1-3 (Groundball, 13S, EV 66.9 MPH)
|
| Top of the 7th over - 0 runs, 0 hits, 0 errors, 0 left on base; Chicago 2 - California 2 |
| BOTTOM OF THE 7TH |
|
California Angels batting - Pitching for Chicago White Sox : LHP Douglas Nelson
|
|
Batting: RHB Jeff Atherton
|
0-0: Ground out 6-3 (Groundball, 6, EV 105.0 MPH)
|
|
Batting: RHB Mike Bishop
|
0-0: Called Strike 0-1: Ball 1-1: Fly out, F6 (Popup, 6MS, EV 55.6 MPH)
|
|
Batting: RHB Frank White
|
0-0: Fly out, F8 (Line Drive, 8RD, EV 95.6 MPH)
|
| Bottom of the 7th over - 0 runs, 0 hits, 0 errors, 0 left on base; Chicago 2 - California 2 |
| TOP OF THE 8TH |
|
Chicago White Sox batting - Pitching for California Angels : RHP Clay Kirby
|
|
Batting: RHB Brian Harper
|
0-0: Foul Ball, location: 2F 0-1: Foul Ball, location: 2F 0-2: Ball 1-2: Fly out, F8 (Line Drive, 8LM, EV 88.1 MPH)
|
|
Pitching: RHP Jerry Reed
|
|
|
Batting: SHB Ozzie Smith
|
0-0: Swinging Strike 0-1: DOUBLE (Line Drive, 3D, EV 105.0 MPH)
|
|
Batting: LHB Mitchell Page
|
0-0: Foul Ball, location: 2F 0-1: Foul Ball, location: 2F 0-2: Ball 1-2: Foul Ball, location: 2F 1-2: Foul Ball, location: 2F 1-2: Ground out 5-3 (Groundball, 56S, EV 84.4 MPH)
|
|
Batting: RHB Kevin McReynolds
|
0-0: Called Strike 0-1: Ball 1-1: Foul Ball, location: 2F 1-2: Foul Ball, location: 2F 1-2: Strikes out looking
|
| Top of the 8th over - 0 runs, 1 hit, 0 errors, 1 left on base; Chicago 2 - California 2 |
| BOTTOM OF THE 8TH |
|
California Angels batting - Pitching for Chicago White Sox : LHP Douglas Nelson
|
|
Batting: LHB Ralph Garr
|
0-0: Ball 1-0: Called Strike 1-1: Ball 2-1: Called Strike 2-2: Ball 3-2: Foul Ball, location: 2F 3-2: Fly out, F4 (Popup, 4MS, EV 64.4 MPH)
|
|
Batting: LHB Brian Rosinski
|
0-0: Called Strike 0-1: Foul Ball, location: 2F 0-2: Ball 1-2: Fly out, F9 (Flyball, 9, EV 88.1 MPH)
|
|
Batting: LHB Jason D Thompson
|
0-0: Foul Ball, location: 2F 0-1: Ball 1-1: SINGLE (Line Drive, 6MD, EV 96.3 MPH)
|
|
Pitching: RHP Dickie Noles
|
|
|
Batting: RHB Carlos Pimentel
|
0-0: Swinging Strike 0-1: Ground out 2-3 (Groundball, 13S, EV 57.5 MPH)
|
| Bottom of the 8th over - 0 runs, 1 hit, 0 errors, 1 left on base; Chicago 2 - California 2 |
| TOP OF THE 9TH |
|
Chicago White Sox batting - Pitching for California Angels : RHP Jerry Reed
|
|
Batting: RHB Tim Teufel
|
0-0: Ball 1-0: Called Strike 1-1: Ball 2-1: SINGLE (Groundball, 34D, EV 101.9 MPH)
|
|
Batting: RHB Steve Henderson
|
0-0: Fly out, F8 (Flyball, 8LM, EV 88.8 MPH)
|
|
Batting: SHB Dwayne Taggart
|
0-0: Ball 1-0: Ball 2-0: Ball 3-0: Base on Balls Tim Teufel to second
|
|
Pitching: LHP Bob McClure
|
|
|
Pinch Runner at 2nd Mike Heath:
|
|
|
Pinch Hitting: RHB Mike A Marshall
|
0-0: Ball Mike Heath steals 3rd base Dwayne Taggart to second 1-0: Foul Ball, location: 2F 1-1: Ball 2-1: Foul Ball, location: 2F 2-2: Foul Ball, location: 2F 2-2: Strikes out looking
|
|
Batting: SHB Wayne Tolleson
|
0-0: DOUBLE (Groundball, 5L, EV 103.1 MPH) Mike Heath scores Dwayne Taggart scores
|
|
Batting: RHB Brian Harper
|
0-0: Ground out 6-3 (Groundball, 6S, EV 88.8 MPH)
|
| Top of the 9th over - 2 runs, 2 hits, 0 errors, 1 left on base; Chicago 4 - California 2 |
| BOTTOM OF THE 9TH |
|
California Angels batting - Pitching for Chicago White Sox : RHP Dickie Noles
|
|
Now at 3B: Steve Christmas
|
|
|
Batting: LHB John Milner
|
0-0: Ball 1-0: Ball 2-0: Called Strike 2-1: Swinging Strike 2-2: Ground out 6-3 (Groundball, 6, EV 100.0 MPH)
|
|
Batting: SHB Manny Castillo
|
0-0: Foul Ball, location: 2F 0-1: Ground out U3 (Groundball, 3L, EV 98.8 MPH)
|
|
Batting: RHB Jeff Atherton
|
0-0: Ball 1-0: DOUBLE (Line Drive, 89D, EV 111.9 MPH)
|
|
Pinch Hitting: SHB Jon Hernandez
|
0-0: Ball 1-0: Swinging Strike 1-1: Ball 2-1: Ball 3-1: Foul Ball, location: 2F 3-2: Strikes out swinging
|
| Bottom of the 9th over - 0 runs, 1 hit, 0 errors, 1 left on base; Chicago 4 - California 2 |
|